 Dungeon Crawl Stone Soup version 0.17.0-28-g6e173f8 (webtiles) character file.

1197 dohliylev the Ducker (level 8, -6/74 HPs)
             Began as a Troll Warper on Nov 22, 2015.
             Was a Follower of the Shining One.
             Shot with an arrow by a centaur (11 damage)
             ... on level 7 of the Dungeon.
             The game lasted 01:01:36 (5867 turns).

dohliylev the Ducker (Troll Warper)                 Turns: 5867, Time: 01:01:36

Health: -6/74      AC: 12    Str: 21      XL:     8   Next: 20%
Magic:  9/9        EV: 13    Int:  9      God:    the Shining One [*.....]
Gold:   734        SH:  0    Dex: 13 (15) Spells: 2 memorised, 6 levels left

rFire  . . .     SeeInvis .       - Unarmed
rCold  . . .     Clarity  +     a - +0 robe
rNeg   . . .     SustAt   .     (no shield)
rPois  .         Gourm    +     (helmet restricted)
rElec  .         Spirit   .     G - +2 cloak
rCorr  .         Warding  .     (gloves unavailable)
rMut   .         Stasis   .     (boots unavailable)
MR     .....                    j - amulet of clarity
Stlth  +.........               p - +5 ring of dexterity
                                F - +2 ring of protection

@: glowing, not resistant to hostile enchantments, very unstealthy
A: unfitting armour, claws 3, thin metallic scales 1, blurry vision 1,
deterioration 1, fast metabolism 3, gourmand, regeneration 2, shaggy fur 1,
tough skin 2
a: Renounce Religion


You were on level 7 of the Dungeon.
You worshipped the Shining One.
The Shining One was aware of your devotion.
You were very full.

You visited 2 branches of the dungeon, and saw 8 of its levels.

You collected 734 gold pieces.

Inventory:

Hand Weapons
 q - a +0 club
 u - a +0 blowgun
 x - a +0 shortbow
Missiles
 d - 5 tomahawks of dispersal (quivered)
 s - 32 poisoned needles
 w - 62 arrows
 H - 7 javelins
 K - 2 tomahawks
 P - 6 needles of sleeping
Armour
 a - a +0 robe (worn)
 G - a +2 cloak (worn)
Jewellery
 j - an amulet of clarity (around neck)
 p - a +5 ring of dexterity (right claw)
 F - a +2 ring of protection (left claw)
 N - an uncursed ring of magical power {unknown}
Wands
 y - a wand of polymorph (8)
Scrolls
 c - 2 scrolls of blinking
 g - a scroll of fear {unknown}
 h - 2 scrolls of immolation {unknown}
 i - 6 scrolls of remove curse
 k - a scroll of enchant armour {unknown}
 m - 4 scrolls of enchant weapon {unknown}
 o - 10 scrolls of identify {unknown}
 r - 3 scrolls of teleportation {unknown}
 t - 3 scrolls of recharging {unknown}
 v - a scroll of random uselessness {unknown}
 I - a scroll of magic mapping {unknown}
 O - a scroll of fog {unknown}
Potions
 l - 3 potions of curing {unknown}
 n - a potion of resistance {unknown}
 z - 4 potions of degeneration {unknown}
 A - 2 potions of lignification {unknown}
 D - 3 potions of mutation {unknown}
 E - a potion of brilliance {unknown}
 J - a potion of agility {unknown}
Books
 b - a book of Spatial Translocations

   Spells                             Type                      Level
   a - Apportation                    Translocation                1
   b - Blink                          Translocation                2
   c - Shroud of Golubria             Charms/Translocation         2
   d - Portal Projectile              Translocation                3
   e - Teleport Other                 Translocation                3
   f - Passage of Golubria            Translocation                4
Comestibles
 e - 6 bread rations
 f - 3 meat rations
 B - 2 slices of pizza
 C - 3 fruits


   Skills:
 + Level 2.9 Fighting
 + Level 1.1 Throwing
 * Level 6.8 Dodging
 * Level 5.1 Unarmed Combat
 - Level 1.3 Spellcasting
 - Level 2.3 Translocations


You had 6 spell levels left.
You knew the following spells:

 Your Spells              Type           Power        Failure   Level  Hunger
a - Apportation           Tloc           #.........   14%         1    ##.....
b - Blink                 Tloc           N/A          21%         2    ###....


Dungeon Overview and Level Annotations

Branches:
Dungeon (7/15)             Temple (1/1) D:5

Altars:
Ashenzari
Cheibriados
Dithmenos
Fedhas
Gozag
Makhleb
Nemelex Xobeh
Ru
Sif Muna
Trog
Vehumet
Xom
Yredelemnul
The Shining One

Shops:
D:4 !   D:6 :


Innate Abilities, Weirdness & Mutations

You are too large for most types of armour.
You have claws for hands.
Your metabolism is lightning-fast.
You like to eat raw meat.
You heal very quickly.
You are covered in fur (AC +1).
You have very tough skin (AC +2).
You are partially covered in thin metallic scales (AC +2).
Scrolls take you a little longer to read.
Your body sometimes deteriorates upon taking damage.


Message History

The black bear goes berserk!
The two-headed ogre hits you with a giant club!! x2
* * * LOW HITPOINT WARNING * * *
You claw the black bear!
You kill the black bear!
Your Unarmed Combat skill increases to level 5!
The two-headed ogre misses you. The two-headed ogre barely misses you.
You see here a black bear corpse.
You butcher the black bear corpse.
Things that are here:
3 chunks of flesh; a black bear skeleton The centaur wields a shortbow.
The centaur shoots an arrow.
The arrow hits you!
* * * LOW HITPOINT WARNING * * *
You see here an arrow.
The centaur shoots an arrow.
The arrow hits you.
* * * LOW HITPOINT WARNING * * *
You see here an arrow.
The centaur shoots an arrow.
The arrow hits you!
You die...
Xom guffaws!

#.#.#
###.#.#
#..c#.#
#c###.#
#.%.#.#
#.....#
#####.#O#.#
#.....(...#
#####@#.#.#
#........#
#.####.###
#. #.# +
#.# #.# .#


You could see a two-headed ogre and a centaur.

Vanquished Creatures
  A black bear (D:7)
  A centaur (D:3)
  A phantom (D:4)
  A sky beast (D:6)
  Blork the orc (D:6)
  3 orc priests
  3 crimson imps
  A centaur zombie (D:6)
  3 hounds
  A jelly (D:5)
  A giant frog zombie (D:6)
  4 orc wizards
  An iguana (D:5)
  Natasha (thrice) (D:3)
  2 worker ants
  3 gnolls (D:4)
  5 adders
  4 worms
  An adder skeleton (D:4)
  2 giant geckos
  22 orcs
  9 goblins
  11 hobgoblins
  18 jackals
  A quokka (D:2)
  A ball python (D:2)
  A ball python zombie (D:5)
  6 bats
  4 giant cockroaches
  5 giant newts
  3 kobolds
  13 rats
136 creatures vanquished.

Notes
Turn   | Place    | Note
--------------------------------------------------------------
     0 | D:1      | dohliylev the Troll Warper began the quest for the Orb.
     0 | D:1      | Reached XP level 1. HP: 19/19 MP: 1/1
   250 | D:1      | Reached XP level 2. HP: 21/27 MP: 3/3
   278 | D:1      | Learned a level 2 spell: Blink
   740 | D:1      | Reached XP level 3. HP: 35/35 MP: 4/4
   813 | D:2      | Found a faded altar to an unknown god.
   856 | D:2      | Became a worshipper of Gozag Ym Sagoz the Greedy
  1094 | D:2      | Reached skill level 3 in Dodging
  1113 | D:2      | Reached XP level 4. HP: 25/42 MP: 5/5
  1851 | D:2      | Fell from the grace of Gozag
  1860 | D:2      | Found a shimmering altar of Xom.
  2121 | D:3      | Noticed Natasha
  2128 | D:3      | Killed Natasha
  2164 | D:3      | Noticed a centaur
  2305 | D:3      | Noticed Natasha
  2313 | D:3      | Killed Natasha
  2313 | D:3      | Reached XP level 5. HP: 36/49 MP: 6/6
  2470 | D:3      | Killed a centaur
  2470 | D:3      | Reached skill level 4 in Dodging
  2514 | D:2      | Became a worshipper of Xom the Fickle
  2539 | D:3      | Noticed Natasha
  2539 | D:3      | XOM: harmless Fire miscast
  2549 | D:3      | Killed Natasha
  2579 | D:3      | XOM: potion effect (berserk rage)
  2585 | D:3      | Was forgiven by Gozag
  2591 | D:3      | Reached XP level 6. HP: 57/57 MP: 7/7
  2690 | D:3      | Found a sacrificial altar of Ru.
  2700 | D:3      | Fell from the grace of Xom
  2700 | D:3      | Became a worshipper of Ru the Awakened
  2766 | D:3      | Found a burning altar of Makhleb.
  3030 | D:4      | Found Emishid's Distillery.
  3430 | D:3      | XOM: chaos cloud
  3468 | D:4      | Reached skill level 1 in Throwing
  3558 | D:4      | Reached skill level 5 in Dodging
  3654 | D:4      | XOM: give mutation
  3654 | D:4      | Gained mutation: You are clumsy. (Dex -2) [Xom's mischief]
  3881 | D:4      | XOM: summons 14 hostile demons
  3882 | D:4      | Noticed a chaos spawn
  3984 | D:4      | Fell from the grace of Ru
  3989 | D:5      | Entered Level 5 of the Dungeon
  4085 | D:5      | Reached XP level 7. HP: 66/66 MP: 8/8
  4199 | D:5      | XOM: medium Trmt miscast
  4405 | D:5      | Found a staircase to the Ecumenical Temple.
  4416 | Temple   | Entered the Ecumenical Temple
  4469 | Temple   | Became a worshipper of the Shining One
  4687 | D:5      | XOM: torment (34/66 hp)
  4924 | D:5      | Found a blossoming altar of Fedhas.
  5067 | D:6      | Reached skill level 6 in Dodging
  5351 | D:6      | XOM: give mutations
  5351 | D:6      | Gained mutation: Your body sometimes deteriorates upon taking damage. [Xom's mischief]
  5351 | D:6      | Lost mutation: You are clumsy. (Dex -2) [Xom's mischief]
  5351 | D:6      | Gained mutation: Scrolls take you a little longer to read. [Xom's mischief]
  5351 | D:6      | Gained mutation: You are partially covered in thin metallic scales (AC +2). [Xom's mischief]
  5374 | D:6      | Found a shadowy altar of Dithmenos.
  5375 | D:6      | Noticed Blork the orc
  5403 | D:6      | Killed Blork the orc
  5434 | D:6      | Reached XP level 8. HP: 74/74 MP: 9/9
  5505 | D:6      | Reached * piety under the Shining One
  5562 | D:6      | Found Ijudex's Book Shop.
  5850 | D:7      | Noticed a two-headed ogre
  5861 | D:7      | Reached skill level 5 in Unarmed Combat
  5867 | D:7      | Shot with an arrow by a centaur

Action                   |  1- 3 |  4- 6 |  7- 9 || total
-------------------------+-------+-------+-------++-------
Melee: Unarmed           |   164 |   182 |   149 ||   495
       Blowgun           |       |    14 |       ||    14
 Fire: Blowgun           |       |     4 |       ||     4
Invok: Renounce Religion |       |     2 |       ||     2
       Potion Petition   |       |     1 |       ||     1
  Use: Scroll            |       |       |     1 ||     1
 Stab: Sleeping          |       |     2 |       ||     2
       Distracted        |       |     1 |       ||     1
  Eat: Chunk             |    15 |    27 |    17 ||    59
